 Dungeon Crawl Stone Soup version 0.21.1-1-g345015f (webtiles) character file.

60648 twistedcrescendo the Warrior (level 14, -1/140 HPs)
             Began as a Minotaur Berserker on June 19, 2018.
             Was the Champion of Trog.
             Slain by a four-headed hydra (3 damage)
             ... on level 6 of the Lair of Beasts.
             The game lasted 02:12:49 (17640 turns).

twistedcrescendo the Warrior (Minotaur Berserker)  Turns: 17640, Time: 02:12:50

Health: -1/140     AC: 11    Str: 28    XL:     14   Next: 57%
Magic:  13/13      EV: 12    Int:  8    God:    Trog [******]
Gold:   1333       SH: 14    Dex: 12    Spells: 13/13 levels left

rFire    . . .     SeeInvis +   g - +11 morningstar "Labbyres" {holy, rC+ Int+4 Dex-2 SInv}
rCold    + + .     Gourm    .   U - +0 shield
rNeg     . . .     Faith    .   v - +4 plate armour
rPois    .         Spirit   .   (helmet restricted)
rElec    .         Reflect  .   E - +0 cloak
rCorr    .         Harm     .   (no gloves)
MR       +++..                  t - +2 pair of boots
Stlth    ..........             (no amulet)
HPRegen  1.33/turn              m - ring of protection from cold
MPRegen  0.13/turn              P - ring of see invisible

@: mighty, lethally poisoned (-1 -> -1), corroded, berserk cooldown, very
slightly contaminated, regenerating, slowed, very slow
A: retaliatory headbutt, horns 2
a: Berserk, Trog's Hand, Brothers in Arms, Burn Spellbooks, Renounce Religion


You were on level 6 of the Lair of Beasts.
You worshipped Trog.
Trog was exalted by your worship.
You were hungry.

You visited 3 branches of the dungeon, and saw 19 of its levels.

You collected 2071 gold pieces.
You spent 738 gold pieces at shops.

Inventory:

Hand Weapons
 g - the +11 morningstar "Labbyres" (weapon) {holy, rC+ Int+4 Dex-2 SInv}
   (You bought it in a shop on level 11 of the Dungeon)

   It has been blessed by the Shining One to cause great damage to the undead
   and demons.
   It affects your intelligence (+4).
   It affects your dexterity (-2).
   It protects you from cold.
   It lets you see invisible.
 u - the cursed +1 mace of Nuisimetz {freeze, +Fly rElec}
   (You bought it in a shop on level 2 of the Orcish Mines)

   It has been specially enchanted to freeze those struck by it, causing extra
   injury to most foes and up to half again as much damage against particularly
   susceptible opponents.
   It can also slow down cold-blooded creatures.
   It insulates you from electricity.
   It lets you fly.
   It has a curse placed upon it.
 A - a +5 flail of freezing
 D - a +4 quarterstaff of chaos
Missiles
 C - 2 tomahawks of returning (quivered)
Armour
 t - a +2 pair of boots (worn)
 v - a +4 plate armour (worn)
 E - a +0 cloak (worn)
 U - a +0 shield (worn)
Jewellery
 m - a ring of protection from cold (left hand)
 M - an uncursed ring of protection from cold
 P - a ring of see invisible (right hand)
Wands
 b - a wand of flame (55)
 q - a wand of digging (24)
 x - a wand of clouds (4)
 B - a wand of iceblast (8)
 K - a wand of disintegration (5)
 T - a wand of random effects (30)
 W - a wand of paralysis (35)
 Y - a wand of acid (7)
Scrolls
 d - 4 scrolls of immolation
 i - 6 scrolls of amnesia
 k - 5 scrolls of teleportation
 l - 5 scrolls of identify
 o - 4 scrolls of enchant armour
 w - 3 scrolls of fear
 I - a scroll of brand weapon {unknown}
 N - 2 scrolls of noise {unknown}
 S - 3 scrolls of magic mapping
 X - a scroll of summoning {unknown}
Potions
 a - a potion of berserk rage
 f - 4 potions of flight
 j - a potion of magic {unknown}
 n - 3 potions of curing
 p - a potion of cancellation
 r - 2 potions of agility
 s - a potion of mutation
 z - 2 potions of brilliance
 F - a potion of might
 L - a potion of lignification {unknown}
 Q - 2 potions of ambrosia {unknown}
 R - a potion of degeneration {unknown}
 V - 2 potions of haste
Books
 e - a book of Changes

   Spells                             Type                      Level
   a - Beastly Appendage              Transmutation                1
   b - Sticks to Snakes               Transmutation                2
   c - Spider Form                    Transmutation/Poison         3
   d - Ice Form                       Ice/Transmutation            4
   e - Blade Hands                    Transmutation                5
   Trog disapproves of the use of such an item.
 G - a book of Conjurations

   Spells                             Type                      Level
   a - Magic Dart                     Conjuration                  1
   b - Searing Ray                    Conjuration                  2
   c - Dazzling Spray                 Conjuration/Hexes            3
   d - Fulminant Prism                Conjuration/Hexes            4
   e - Force Lance                    Conjuration/Translocation    4
   f - Iskenderun's Mystic Blast      Conjuration                  4
   Trog disapproves of the use of such an item.
 O - the Almanac of Weightlessness
   (You found it on level 8 of the Dungeon)

   Spells                             Type                      Level
   a - Swiftness                      Charms/Air                   2
   b - Lightning Bolt                 Conjuration/Air              5
   Trog disapproves of the use of such an item.
Miscellaneous
 h - a lightning rod (4/4)
Comestibles
 c - 27 rations


   Skills:
 + Level 17.0 Fighting
 - Level 13.6(14.0) Maces & Flails
 - Level 5.6(10.5) Staves
 - Level 10.2 Armour
 - Level 9.3 Dodging
 - Level 1.6 Stealth
 - Level 15.0 Shields


You had 13 spell levels left.
You didn't know any spells.

Dungeon Overview and Level Annotations

Branches:
Dungeon (11/15)            Temple (0/1) D:6            Lair (6/6) D:10
 Shoals (0/4) Lair:3       Spider (0/4) Lair:4          Orc (2/2) D:11
    Elf (0/3) Orc:2
  Slime: Lair:5-6

Altars:
Ashenzari
Cheibriados
Dithmenos
Elyvilon
Fedhas
Nemelex Xobeh
Okawaru
Qazlal
Uskayaw
Wu Jian
Yredelemnul
Beogh

Shops:
D:6 *   D:11 (   Orc:2 (:([


Innate Abilities, Weirdness & Mutations

You reflexively headbutt those who attack you in melee.
You have a pair of horns on your head.


Message History

* * * LOW HITPOINT WARNING * * *
You block the water moccasin's attack. The soldier ant stings you!
* * * LOW HITPOINT WARNING * * *
You feel sick.
The water moccasin bites you but does no damage.
You block the entropy weaver's attack. The entropy weaver barely misses you.
The entropy weaver hits you.
* * * LOW HITPOINT WARNING * * *
The entropy weaver hits you.
* * * LOW HITPOINT WARNING * * *
The soldier ant stings the plant!
You feel much better.
You feel sick. The entropy weaver hits you.
* * * LOW HITPOINT WARNING * * *
You block the entropy weaver's attack. The entropy weaver hits you!
* * * LOW HITPOINT WARNING * * *
The entropy weaver hits you!
* * * LOW HITPOINT WARNING * * *
You block the four-headed hydra's attack. x3
The four-headed hydra bites you.
You die... . . ###..
P. ##.P..P .P# # .......#### PPP#

#. .........## ...#
##.. #...P...aP##...#
#P..###..##...aa@....#
.....P..††#...SD.P.#.#
........P)†...a#.###
P.#P..a†%†..#.P#..
.......<....$..P...
#.#...#....##.....#.
##. .######P......P #
## ......P..# #


You could see a four-headed hydra, an entropy weaver, 3 soldier ants and a water
moccasin.

Vanquished Creatures
  2 orc warlords (Orc:2)
  An entropy weaver (Lair:6)
  Erolcha (D:11)
  Harold (D:11)
  Fannar (Lair:2)
  4 hydras
  The ghost of emiel the Fighter, a journeyman BaEE of Cheibriados (D:11)
  Erica (Orc:1)
  2 two-headed ogres
  A catoblepas (Lair:4)
  A centaur warrior (D:10)
  8 death yaks
  An orc high priest (Orc:2)
  The ghost of Stepladder the Protected, a novice GrFi of Okawaru (D:9)
  Nergalle (Orc:1)
  3 orc knights (Orc:2)
  An orc sorcerer (Orc:2)
  A cyclops (D:11)
  6 elephants (Lair:3)
  3 merfolk sirens (Lair:3)
  A centaur zombie (D:10)
  5 black mambas
  A torpor snail (Lair:2)
  9 spiny frogs
  2 rime drakes
  5 komodo dragons
  3 trolls
  Grinder (D:4)
  6 polar bears
  13 blink frogs
  A merfolk (Lair:3)
  7 dream sheep (Lair:5)
  9 hippogriffs
  A redback (Lair:6)
  34 yaks
  4 wyverns (Lair:6)
  A wraith (D:9)
  Eustachio (D:5)
  4 basilisks
  Menkaure (D:5)
  A hungry ghost (D:8)
  The ghost of matthes123 the Vandal, an amateur HaHu (D:3)
  5 wargs
  9 soldier ants
  9 water moccasins
  6 porcupines
  42 orc warriors
  2 ice beasts
  3 black bears (D:9)
  2 sky beasts
  10 ogres
  An eye of draining (D:11)
  2 phantoms
  4 centaurs
  4 wolves (Lair:4)
  8 crocodiles
  13 bullfrogs
  4 big kobolds
  A wyvern zombie (D:11)
  A gnoll sergeant (D:9)
  A water moccasin zombie (D:7)
  2 scorpions (Lair:4)
  4 killer bees (D:7)
  6 howler monkeys
  12 wights
  2 crimson imps (D:8)
  2 bullfrog skeletons
  A bullfrog zombie (D:5)
  Crazy Yiuf (D:5)
  2 hounds
  17 orc priests
  3 jellies
  29 orc wizards
  6 centaur skeletons
  Ijyb (D:4)
  7 iguanas
  9 worker ants
  A hound skeleton (D:8)
  2 worker ant zombies
  10 adders
  5 gnolls
  3 shadow imps
  An ooze (D:1)
  4 worms
  3 dart slugs
  8 leopard geckos
  109 orcs
  A ball python (D:1)
  4 giant cockroaches
  12 goblins
  12 hobgoblins
  4 jackals (D:4)
  20 kobolds
  4 quokkas
  8 bats
  9 frilled lizards
  5 rats
  A fungus (D:1)
609 creatures vanquished.

Vanquished Creatures (collateral kills)
  A bullfrog (D:7)
1 creature vanquished.

Vanquished Creatures (others)
  A crocodile (Lair:6)
  12 fungi
  2 plants (Lair:6)
15 creatures vanquished.

Grand Total: 625 creatures vanquished

Notes
Turn   | Place    | Note
-------+----------+-------------------------------------------
     0 | D:1      | twistedcrescendo the Minotaur Berserker began the quest for the Orb.
     0 | D:1      | Reached XP level 1. HP: 19/19 MP: 0/0
    68 | D:1      | Reached skill level 4 in Fighting
    68 | D:1      | Reached XP level 2. HP: 12/27 MP: 1/1
   445 | D:1      | Reached XP level 3. HP: 4/33 MP: 2/2
   930 | D:2      | Reached ** piety under Trog
   972 | D:2      | Found a blossoming altar of Fedhas.
  1247 | D:2      | Reached skill level 5 in Maces & Flails
  1331 | D:2      | Reached XP level 4. HP: 22/41 MP: 3/3
  1451 | D:2      | Found a snail-covered altar of Cheibriados.
  1946 | D:3      | Noticed matthes123's ghost (amateur HaHu)
  1959 | D:3      | Killed matthes123's ghost
  1959 | D:3      | Reached skill level 5 in Fighting
  1959 | D:3      | Reached skill level 1 in Stealth
  1959 | D:3      | Reached XP level 5. HP: 43/48 MP: 4/4
  2835 | D:4      | Noticed a phantom
  2849 | D:4      | Killed a phantom
  2849 | D:4      | Reached XP level 6. HP: 49/57 MP: 5/5
  2851 | D:4      | Noticed Grinder
  2854 | D:4      | Paralysed by Grinder for 6 turns
  2866 | D:4      | Killed Grinder
  2866 | D:4      | Reached skill level 6 in Fighting
  2866 | D:4      | Reached XP level 7. HP: 45/63 MP: 6/6
  2886 | D:4      | Found a shattered altar of Ashenzari.
  2968 | D:4      | Found an ornate altar of the Wu Jian Council.
  2969 | D:4      | Found a sparkling altar of Nemelex Xobeh.
  3021 | D:4      | Found an iron altar of Okawaru.
  3068 | D:4      | Noticed Ijyb
  3084 | D:4      | Killed Ijyb
  3085 | D:4      | Reached *** piety under Trog
  3220 | D:4      | Found a shadowy altar of Dithmenos.
  3526 | D:5      | Entered Level 5 of the Dungeon
  3824 | D:5      | Noticed Eustachio
  3836 | D:5      | Killed Eustachio
  3836 | D:5      | Reached skill level 7 in Fighting
  3836 | D:5      | Reached XP level 8. HP: 66/73 MP: 7/7
  3889 | D:5      | Found a runed door.
  3893 | D:5      | Noticed Crazy Yiuf
  3897 | D:5      | Killed Crazy Yiuf
  4162 | D:5      | Reached skill level 1 in Staves
  4257 | D:5      | Noticed Menkaure
  4261 | D:5      | Killed Menkaure
  4438 | D:6      | Reached **** piety under Trog
  4448 | D:6      | Reached skill level 8 in Fighting
  4488 | D:6      | Found Ijeydgh's General Store.
  4524 | D:6      | Reached skill level 5 in Staves
  4597 | D:6      | Found a snail-covered altar of Cheibriados.
  4645 | D:6      | Found a staircase to the Ecumenical Temple.
  4669 | D:6      | Reached skill level 10 in Maces & Flails
  4835 | D:6      | Found a hide-covered altar of Uskayaw.
  5207 | D:6      | Reached XP level 9. HP: 82/82 MP: 8/8
  5244 | D:7      | Reached skill level 9 in Fighting
  5367 | D:7      | Found a stormy altar of Qazlal.
  5569 | D:7      | Reached skill level 10 in Fighting
  6009 | D:8      | Found a basalt altar of Yredelemnul.
  6100 | D:8      | Reached ***** piety under Trog
  6255 | D:8      | Identified the Almanac of Weightlessness
  6608 | D:9      | Reached XP level 10. HP: 94/94 MP: 9/9
  6621 | D:9      | Reached skill level 11 in Fighting
  6634 | D:9      | Noticed Stepladder's ghost (novice GrFi)
  6649 | D:9      | Killed Stepladder's ghost
  6649 | D:9      | Reached skill level 5 in Armour
  6655 | D:9      | Reached skill level 5 in Dodging
  6776 | D:9      | Found a hide-covered altar of Uskayaw.
  6962 | D:9      | Found a white marble altar of Elyvilon.
  7247 | D:10     | Entered Level 10 of the Dungeon
  7247 | D:10     | Noticed a two-headed ogre
  7254 | D:10     | Killed a two-headed ogre
  7258 | D:10     | Reached skill level 12 in Fighting
  7478 | D:10     | Noticed a death yak
  7486 | D:10     | Reached XP level 11. HP: 96/104 MP: 10/10
  7492 | D:10     | Noticed a death yak
  7492 | D:10     | Killed a death yak
  7501 | D:10     | Noticed a death yak
  7513 | D:10     | Killed a death yak
  7530 | D:10     | Killed a death yak
  7547 | D:10     | Noticed a two-headed ogre
  7604 | D:9      | Killed a two-headed ogre
  7720 | D:10     | Found a staircase to the Lair.
  7941 | D:10     | Noticed a centaur warrior
  7946 | D:10     | Killed a centaur warrior
  8005 | Lair:1   | Entered Level 1 of the Lair of Beasts
  8025 | Lair:1   | Reached skill level 13 in Fighting
  8385 | Lair:1   | Noticed an eight-headed hydra
  8396 | Lair:1   | Noticed a four-headed hydra
  8399 | Lair:1   | Killed an eight-headed hydra
  8500 | Lair:1   | Killed a four-headed hydra
  8762 | Lair:1   | Reached XP level 12. HP: 79/115 MP: 11/11
  8831 | D:11     | Received a gift from Trog
  8886 | D:11     | Found a roughly hewn altar of Beogh.
  9274 | D:11     | Reached skill level 10 in Armour
  9379 | D:11     | Found Ditukeci's Antique Weapon Emporium.
  9382 | D:11     | Noticed Erolcha
  9391 | D:11     | Killed Erolcha
  9419 | D:11     | Bought a dazzling morningstar for 207 gold pieces
  9426 | D:11     | Identified the +11 morningstar "Labbyres" {holy, rC+ Int+4 Dex-2 SInv} (You bought it in a shop on level 11 of the Dungeon)
  9479 | D:11     | Reached skill level 1 in Shields
  9487 | D:11     | Noticed emiel's ghost (journeyman BaEE)
  9506 | D:11     | Killed emiel's ghost
  9687 | D:11     | Found a staircase to the Orcish Mines.
  9717 | D:11     | Noticed Harold
  9736 | D:11     | Killed Harold
  9902 | D:11     | Received a gift from Trog
  9902 | D:11     | Reached skill level 14 in Fighting
 10057 | Orc:1    | Entered Level 1 of the Orcish Mines
 10213 | Orc:1    | Noticed Nergalle
 10228 | Orc:1    | Killed Nergalle
 10228 | Orc:1    | Reached skill level 5 in Shields
 10348 | Orc:2    | Entered Level 2 of the Orcish Mines
 10415 | Orc:1    | Noticed Erica
 10421 | Orc:1    | Killed Erica
 10742 | Orc:2    | Noticed an orc high priest
 10756 | Orc:2    | Noticed an orc warlord
 10757 | Orc:2    | Killed an orc high priest
 10773 | Orc:2    | HP: 2/118 [orc warrior/war axe (16)]
 10812 | Orc:2    | Killed an orc warlord
 10886 | Orc:2    | Found Qapn's Antique Armour Shoppe.
 10887 | Orc:2    | Found a roughly hewn altar of Beogh.
 10888 | Orc:2    | Found Witzid's Antique Weapon Emporium.
 10901 | Orc:2    | Bought an ichor-stained scale mail for 315 gold pieces
 10901 | Orc:2    | Identified the +0 scale mail of Hopscotch {rF+} (You bought it in a shop on level 2 of the Orcish Mines)
 11129 | Orc:2    | Reached XP level 13. HP: 84/125 MP: 12/12
 11196 | Orc:2    | Reached ****** piety under Trog
 11297 | Orc:2    | Noticed an orc warlord
 11314 | Orc:2    | Killed an orc warlord
 11407 | Orc:2    | Found a staircase to the Elven Halls.
 11501 | Orc:2    | Found a roughly hewn altar of Beogh.
 11528 | Orc:2    | Received a gift from Trog
 11529 | Orc:2    | Found Muhyjou's Book Emporium.
 11640 | Orc:2    | Paralysed by an orc sorcerer for 7 turns
 11677 | Orc:2    | Found a roughly hewn altar of Beogh.
 11729 | Orc:2    | Found a roughly hewn altar of Beogh.
 11777 | Orc:2    | Found a roughly hewn altar of Beogh.
 11778 | Orc:2    | Found Vuimyidd's Antique Weapon Shoppe.
 11791 | Orc:2    | Reached skill level 15 in Fighting
 11816 | Orc:2    | Bought a crystal mace for 216 gold pieces
 11816 | Orc:2    | Identified the cursed +1 mace of Nuisimetz {freeze, +Fly rElec} (You bought it in a shop on level 2 of the Orcish Mines)
 11983 | Orc:2    | Found a roughly hewn altar of Beogh.
 12505 | Lair:1   | Reached skill level 10 in Shields
 13061 | Orc:1    | Found a roughly hewn altar of Beogh.
 13679 | Lair:2   | Noticed Fannar
 13706 | Lair:2   | Killed Fannar
 14664 | Lair:3   | Reached skill level 16 in Fighting
 14704 | Lair:3   | Received a gift from Trog
 14721 | Lair:3   | Reached XP level 14. HP: 123/137 MP: 13/13
 14726 | Lair:3   | Found a staircase to the Shoals.
 16002 | Lair:4   | Found a hole to the Spider Nest.
 17538 | Lair:6   | Entered Level 6 of the Lair of Beasts
 17552 | Lair:6   | Received a gift from Trog
 17580 | Lair:6   | Noticed an entropy weaver
 17592 | Lair:6   | Killed an entropy weaver
 17592 | Lair:6   | Reached skill level 15 in Shields
 17618 | Lair:6   | Reached skill level 17 in Fighting
 17622 | Lair:6   | Noticed an entropy weaver
 17639 | Lair:6   | HP: 7/140 [entropy weaver (2)]
 17639 | Lair:6   | HP: 1/140 [entropy weaver (6)]
 17640 | Lair:6   | Slain by a four-headed hydra

Skill      XL: |  1  2  3  4  5  6  7  8  9 10 11 12 13 14 |
---------------+-------------------------------------------+-----
Maces & Flails | 4 5 6 7 9 10 11 12 13 | 13.6
Fighting       | 4 5 6 7 8 10 12 13 14 16 17 | 17.0
Stealth        | 1 |  1.6
Staves         | 5 |  5.6
Armour         | 4 7 9 10 | 10.2
Dodging        | 3 6 8 9 |  9.3
Shields        | 8 13 15 | 15.0

Action                   |  1- 3 |  4- 6 |  7- 9 | 10-12 | 13-15 || total
-------------------------+-------+-------+-------+-------+-------++-------
Melee: Mace              |    87 |    93 |    90 |       |       ||   270
       Headbutt          |    16 |    16 |    54 |   106 |   131 ||   323
       Quarterstaff      |       |       |   186 |       |       ||   186
       Flail             |       |       |    11 |   328 |       ||   339
       Morningstar       |       |       |       |   199 |   601 ||   800
       Great mace        |       |       |       |     5 |       ||     5
Throw: Tomahawk          |       |       |     2 |       |       ||     2
Invok: Trog's Hand       |     1 |       |     2 |     5 |     4 ||    12
       Berserk           |       |       |     4 |     7 |     4 ||    15
       Brothers in Arms  |       |       |       |     1 |       ||     1
  Use: Scroll            |       |       |    11 |     5 |    14 ||    30
       Potion            |       |       |       |     2 |     4 ||     6
 Stab: Paralysed         |       |       |     2 |       |       ||     2
  Eat: Chunk             |     2 |     4 |    17 |    13 |    19 ||    55
       Ration            |       |       |       |     3 |     2 ||     5
Armor: Animal skin       |    19 |     1 |       |       |       ||    20
       Chain mail        |       |    49 |   160 |    53 |       ||   262
       Plate armour      |       |       |       |   218 |   347 ||   565
Dodge: Dodged            |    72 |    34 |   125 |   239 |   217 ||   687
Block: Shield            |       |       |       |   120 |   409 ||   529
